 Dungeon Crawl Stone Soup version 0.13.1-28-g3517093 (webtiles) character file.

357 exoticorn the Skirmisher (level 5, 0/46 HPs)
             Began as a Hill Orc Fighter on Mar 8, 2014.
             Killed from afar by an orc wizard (5 damage)
             ... with a puff of flame
             ... on Level 4 of the Dungeon.
             The game lasted 00:47:30 (2456 turns).

exoticorn the Skirmisher (Hill Orc Fighter)         Turns: 2456, Time: 00:47:30

HP   0/46        AC  7     Str 20      XL: 5   Next: 25%
MP   4/4         EV  8     Int  8      God:
Gold 214         SH  0     Dex 10      Spells:  0 memorised,  4 levels left

Res.Fire  : . . .   See Invis. : .   y - +0 sling
Res.Cold  : . . .   Warding    : .   b - +0 orc scale mail
Life Prot.: . . .   Conserve   : .   k - +1 buckler (curse)
Res.Poison: .       Res.Corr.  : .   (no helmet)
Res.Elec. : .       Clarity    : .   (no cloak)
Sust.Abil.: . .     Spirit.Shd : .   (no gloves)
Res.Mut.  : .       Stasis     : .   (no boots)
Res.Rott. : .       Flight     : .   (no amulet)
Saprovore : + . .                    (no ring)
                                     (no ring)

@: confused, slightly resistant to hostile enchantments, extremely unstealthy
A: saprovore 1
a: no special abilities


You were on level 4 of the Dungeon.
You were not hungry.

You visited 1 branch of the dungeon, and saw 4 of its levels.

You collected 194 gold pieces.

Inventory:

Hand weapons
 a - a +0,+0 orcish hand axe {=f}
 f - a +1,+0 elven dagger
 j - a +1,+1 dagger
 v - a +0,+0 short sword
 w - a +0,+0 crossbow
 y - a +0,+0 sling (weapon)
Missiles
 e - 27 poisoned needles
 h - 15 arrows
 m - 45 darts
 t - 46 stones (quivered)
Armour
 b - a +0 orcish scale mail (worn)
 c - a +0 orcish shield
 g - a +0 scale mail
 k - a cursed +1 buckler (worn)
 n - a +0 robe
 o - a +0 ring mail
 q - a +0 leather armour
 r - a +0 shield
 s - a +0 leather armour
 x - a +1 orcish leather armour
Comestibles
 d - a meat ration
 p - a bread ration
Scrolls
 u - a scroll of identify
Jewellery
 i - an uncursed amulet of guardian spirit {unknown}
 l - an uncursed ring of sustain abilities {unknown}


   Skills:
 + Level 4.4 Fighting
 + Level 3.7 Axes
 + Level 1.0 Throwing
 + Level 4.2 Armour
 + Level 1.0 Dodging
 + Level 4.1 Shields


You had 4 spell levels left.
You didn't know any spells.

Dungeon Overview and Level Annotations

Branches:
Dungeon (4/27)
 Temple: D:4-7

Altars:


Innate Abilities, Weirdness & Mutations

You can tolerate rotten meat.


Message History

Deactivating autopickup; reactivate with Ctrl-A.
You hear some strange, mumbled words.
Something tries to affect you, but you resist.
You see here 15 gold pieces.
You now have 214 gold pieces (gained 15).
It hits you but does no damage. The magic dart hits you!
Firing (i - inventory. (,) - cycle):
t - 47 stones (quivered)
Press: ? - help, Shift-Dir - straight line You shoot a stone.
You hear some strange, mumbled words.
Something tries to affect you, but you resist.
You hear some strange, mumbled words.
You are confused.
Ouch! Ouch! You hear some strange, mumbled words.
A puff of flame appears from out of thin air!
The puff of flame hits you!
You die...

.....(..
#...# #.<#
#.## #.#
###.###
#.....#######
#(........{.#
#.......###@#
#.....#.# #.#
#.....#.# #.#
#........#
#.#
#.###.#####
#.# # #.# #.#
#. #.# . ..#
###


There were no monsters in sight!

Vanquished Creatures
  An orc wizard (D:3)
  4 adders
  A giant mite (D:3)
  A worm (D:2)
  2 giant geckos
  5 orcs (D:3)
  2 ball pythons
  9 bats
  7 goblins
  8 hobgoblins
  4 jackals
  A giant cockroach (D:2)
  5 giant newts
  3 kobolds
  A quokka (D:2)
  4 rats
58 creatures vanquished.

Notes
Turn   | Place    | Note
--------------------------------------------------------------
     0 | D:1      | exoticorn, the Hill Orc Fighter, began the quest for the Orb.
     0 | D:1      | Reached XP level 1. HP: 19/19 MP: 0/0
   113 | D:1      | Reached XP level 2. HP: 26/26 MP: 1/1
   167 | D:1      | Reached skill level 4 in Fighting
   881 | D:2      | Reached XP level 3. HP: 31/33 MP: 2/2
  1314 | D:2      | Reached XP level 4. HP: 31/40 MP: 3/3
  1848 | D:3      | Reached skill level 1 in Dodging
  1848 | D:3      | Reached XP level 5. HP: 20/46 MP: 4/4
  2077 | D:3      | Reached skill level 1 in Throwing
  2431 | D:3      | HP: 2/46 [something (2)]
  2437 | D:4      | HP: 2/46 [orc wizard/orcish dagger (1)]
  2456 | D:4      | Killed from afar by an orc wizard

Action                   |  1- 3 |  4- 6 || total
-------------------------+-------+-------++-------
Melee: Hand axe          |   120 |    77 ||   197
       Sling             |       |     8 ||     8
 Fire: Sling             |       |    20 ||    20
Throw: Stone             |       |    39 ||    39
       Dart              |       |    11 ||    11
       Dagger            |       |     1 ||     1
  Use: Scroll            |     4 |     1 ||     5
       Potion            |     2 |     5 ||     7
